 Dungeon Crawl Stone Soup version 0.26-a0-1132-ge9770dfcb6 (webtiles) character file.

Game seed: 1885142856370072729

19 sahdkjhfkaj the Sneak (level 2, 0/28 HPs)
             Began as a Ghoul Delver on Dec 20, 2020.
             Slain by a gnoll
             ... wielding a +0 whip
              (4 damage)
             ... on level 3 of the Dungeon.
             The game lasted 00:00:45 (149 turns).

sahdkjhfkaj the Sneak (Ghoul Delver)                 Turns: 149, Time: 00:00:45

Health: 0/28       AC:  3    Str: 15    XL:     2   Next: 75%
Magic:  1/1        EV: 11    Int:  5    God:
Gold:   40         SH:  0    Dex: 10    Spells: 1/1 levels left

rFire    . . .     SeeInvis .     - Unarmed
rCold    + . .     Faith    .   (no shield)
rNeg     + + +     Spirit   .   a - +0 leather armour
rPois    ∞         Reflect  .   (no helmet)
rElec    .         Harm     .   (no cloak)
rCorr    .         Rampage  .   (no gloves)
Will     .....                  (no boots)
Stlth    +++.......             (no amulet)
HPRegen  0.00/turn              (no ring)
MPRegen  0.07/turn              (no ring)

@: no status effects
A: claws 1, cold resistance 1, negative energy resistance 3, inhibited
regeneration, torment resistance, unbreathing
a: no special abilities


You were on level 3 of the Dungeon.
You visited 1 branch of the dungeon, and saw 3 of its levels.

You collected 40 gold pieces.

Inventory:

Armour
 a - a +0 leather armour (worn)
Wands
 f - a wand of digging (3)
Scrolls
 b - a scroll of fog
 d - a scroll of fear
 g - a scroll of enchant armour {unknown}
Potions
 c - a potion of lignification {unknown}
 e - a potion of haste
 h - 2 potions of degeneration {unknown}


   Skills:
 + Level 4.3 Fighting
 - Level 1.7 Dodging
 - Level 5.4 Stealth
 - Level 2.1 Unarmed Combat


You had one spell level left.
You didn't know any spells.
Your spell library was empty.

Dungeon Overview and Level Annotations

Branches:
Dungeon (5/15)             Temple (0/1) D:5

Altars:


Innate Abilities, Weirdness & Mutations

You thrive by killing the living.
You are immune to poison.
You have sharp fingernails.
Your flesh is cold resistant. (rC+)
You are immune to negative energy. (rN+++)
You do not regenerate when monsters are visible.
You are immune to unholy pain and torment.
You can survive without breathing.


Message History

You struggle against the net.
The hobgoblin barely misses you. The gnoll hits you with a +0 whip.
A gnoll comes into view.
It is wielding a +1 flail of holy wrath.
You struggle against the net.
The gnoll hits you but does no damage. The hobgoblin hits you.
You rip the net and break free!
The hobgoblin misses you. The gnoll barely misses you.
You scratch the hobgoblin but do no damage.
The gnoll hits you with a +0 whip.
The hobgoblin hits you but does no damage.
The gnoll hits you.
You scratch the hobgoblin but do no damage.
The hobgoblin barely misses you. The gnoll hits you with a +0 whip.
* * * LOW HITPOINT WARNING * * *
The gnoll hits you.
* * * LOW HITPOINT WARNING * * *
You barely miss the gnoll. The hobgoblin hits you.
* * * LOW HITPOINT WARNING * * *
The gnoll hits you with a +0 whip.
You die...

#.........# #...
#....."...# #...
#.##......# . #...
#.##.(....# ..
#...##.##......#
...#......##...####
..........#....#
####..g...#....#
......g@g.#....#
#.....g...#.(..#
#...#.#.......##
......#.......# #
#.# #.......#
.............#
###.###.......#
#.......# #.#######


You could see 3 gnolls and a hobgoblin.

Vanquished Creatures
  An adder (D:3)
  2 orcs
  2 giant cockroaches
  2 hobgoblins (D:3)
  A frilled lizard (D:3)
8 creatures vanquished.

Notes
Turn   | Place    | Note
-------+----------+-------------------------------------------
     0 | D:5      | sahdkjhfkaj the Ghoul Delver began the quest for the Orb.
     0 | D:5      | Reached XP level 1. HP: 19/19 MP: 0/0
    83 | D:3      | Reached XP level 2. HP: 21/27 MP: 1/1
   149 | D:3      | Slain by a gnoll

Illustrated notes

Levels and vault maps discovered:
D:3:      layout_basic
D:4:      layout_loops_ring, kennysheep_little_box, zin_angel,
          portal_sewer_entry_b, st_stairs_8
D:5:      layout_loops_cross, minmay_temple_entry_trees,
          small_statue_intersection, uniq_edmund, uniq_menkaure

Skill      XL: |  1 |
---------------+----+-----
Fighting       | 4 |  4.3
Dodging        | |  1.7
Stealth        | |  5.4
Unarmed Combat | |  2.1

Action                   || total
-------------------------++-------
Melee: Unarmed           ||    29
  Use: Scroll            ||     1
 Stab: Sleeping          ||     1
Armor: Leather armour    ||     7
Dodge: Dodged            ||    20

Table legend: (Time is in decaauts)
 A = Elapsed time spent in this place.
 B = Non-inter-level travel time spent in this place.
 C = Inter-level travel time spent in this place.
 D = Time resting spent in this place.
 E = Time spent auto-exploring this place.
 F = Levels seen in this place.
 G = Mean time per level.
                   A        B        C        D        E       F      G
               +--------+--------+--------+--------+--------+-----+--------+
         Total |    147 |    138 |      9 |      0 |      0 |   3 |   49.0 |
       Dungeon |    147 |    138 |      9 |      0 |      0 |   3 |   49.0 |
               +--------+--------+--------+--------+--------+-----+--------+

Top non-repeatable levels by time:
     D:3: 85 daAuts
     D:4: 50 daAuts
     D:5: 11 daAuts
